 Dungeon Crawl Stone Soup version 0.19.5 (webtiles) character file.

203 sendai the Skirmisher (level 5, 0/47 HPs)
             Began as a Hill Orc Fighter on Mar 22, 2017.
             Killed by divine providence
             ... invoked by an orc priest
              (11 damage)
             ... on level 3 of the Dungeon.
             The game lasted 00:20:33 (2395 turns).

sendai the Skirmisher (Hill Orc Fighter)            Turns: 2395, Time: 00:20:37

Health: 0/47       AC:  7    Str: 20    XL:     5   Next: 81%
Magic:  5/5        EV:  8    Int:  8    God:
Gold:   145        SH:  9    Dex: 10    Spells: 0 memorised, 4 levels left

rFire  . . .     SeeInvis .     a - +0 long sword
rCold  . . .     Gourm    .     n - +2 ring mail {rPois}
rNeg   . . .     Faith    .     c - +0 shield
rPois  +         Spirit   .     (no helmet)
rElec  .         Reflect  .     (no cloak)
rCorr  .         Harm     .     (no gloves)
MR     .....                    (no boots)
Stlth  ..........               (no amulet)
                                (no ring)
                                (no ring)

@: no status effects
A: no striking features
a: Convert to Beogh


You were on level 3 of the Dungeon.
You were not hungry.

You visited 1 branch of the dungeon, and saw 3 of its levels.

You collected 145 gold pieces.

Inventory:

Hand Weapons
 a - a +0 long sword (weapon)
 h - a cursed +0 dagger
 j - a +0 whip
 o - a +0 spear
 s - a +0 short sword
 t - a +0 dagger
 u - a +0 short sword
 x - a +0 hunting sling
 D - a +0 dagger
 F - a +0 club
 G - a +0 hunting sling
 J - a +0 whip
 K - a +0 dagger
 O - a +0 morningstar
 P - a +0 short sword
 V - a +0 club
 Y - a +0 club
Missiles
 q - 153 stones (quivered)
 H - 18 poisoned needles
 U - 25 bolts
Armour
 b - a +0 scale mail
 c - a +0 shield (worn)
 g - a +0 ring mail
 n - a +2 ring mail of poison resistance (worn)
 y - a +0 robe
 I - a +0 ring mail
 Q - a +0 chain mail
 R - a +0 scale mail
Wands
 X - a wand of flame (30/48)
Scrolls
 e - a scroll of identify {unknown}
 i - 2 scrolls of fog {unknown}
 l - a scroll of remove curse {unknown}
 r - a scroll of random uselessness {unknown}
 C - a scroll of enchant weapon {unknown}
 S - a scroll of teleportation {unknown}
 T - a scroll of recharging {unknown}
 Z - 2 scrolls of blinking {unknown}
Potions
 d - a potion of might
 k - 2 potions of cancellation {unknown}
 m - 2 potions of resistance {unknown}
 w - 2 potions of magic {unknown}
 A - 2 potions of curing {unknown}
 L - a potion of agility {unknown}
 N - a potion of ambrosia {unknown}
 W - a potion of lignification {unknown}
Comestibles
 f - 3 bread rations
 z - 2 meat rations
 M - 5 chunks of flesh


   Skills:
 + Level 4.4 Fighting
 + Level 3.8 Long Blades
 + Level 4.2 Armour
 + Level 1.0 Dodging
 + Level 0.1 Stealth
 + Level 4.4 Shields


You had 4 spell levels left.
You didn't know any spells.

Dungeon Overview and Level Annotations

Branches:
Dungeon (3/15)

Altars:


Message History

Sorry, you're not good enough to have a special ability.
You see here 4 tomahawks.
You hit the orc priest.
The orc priest is lightly wounded.
You block the orc priest's attack.
The orc wizard mumbles some strange words.
The orc wizard blinks!
The orc priest hits you with a short sword.
Your shield prevents you from hitting the orc priest.
The orc priest is lightly wounded.
You hit the orc priest.
The orc priest is moderately wounded.
The orc priest hits you with a short sword.
You hit the orc priest but do no damage.
The orc priest is moderately wounded.
The orc wizard hits you with a dagger.
* * * LOW HITPOINT WARNING * * *
The orc priest mumbles some strange prayers to Beogh against you.
Beogh smites you!
You die...

#.# #.# #.# #.#
#.# #.# #.#
#######o#
#.....@o#
#.#######
#########.# ####
#...<.....# #..
#.######### #.#
#.#
#######.#####..
#.#
#.<............
#.#
##.#####.#######
#.# ##...# #.#


You could see an orc priest and an orc wizard.

Vanquished Creatures
  Natasha (thrice) (D:2 D:1)
  Terence (D:3)
  3 gnolls (D:3)
  2 adders (D:3)
  3 worms
  A dart slug (D:2)
  A leopard gecko (D:3)
  An orc (D:3)
  4 bats
  3 giant cockroaches
  4 goblins
  9 hobgoblins
  3 quokkas
  5 frilled lizards
  6 kobolds
  3 rats
52 creatures vanquished.

Notes
Turn   | Place    | Note
-------+----------+-------------------------------------------
     0 | D:1      | sendai the Hill Orc Fighter began the quest for the Orb.
     0 | D:1      | Reached XP level 1. HP: 19/19 MP: 1/1
   198 | D:1      | Reached XP level 2. HP: 27/27 MP: 2/2
   784 | D:2      | Reached XP level 3. HP: 32/33 MP: 3/3
   981 | D:2      | Noticed Natasha
   993 | D:2      | Killed Natasha
  1092 | D:2      | Noticed Natasha
  1102 | D:2      | Killed Natasha
  1102 | D:2      | Reached XP level 4. HP: 20/40 MP: 4/4
  1443 | D:2      | Noticed Natasha
  1467 | D:1      | Killed Natasha
  1789 | D:3      | Noticed Terence
  1798 | D:3      | Killed Terence
  1798 | D:3      | Reached XP level 5. HP: 26/46 MP: 5/5
  1813 | D:3      | Reached skill level 1 in Dodging
  2395 | D:3      | Killed from afar by an orc priest

Skill      XL: |  1  2  3  4  5 |
---------------+----------------+-----
Fighting       | 4 |  4.4
Armour         | 4 |  4.2
Long Blades    | 3 |  3.8
Shields        | 4 |  4.4
Dodging        | 1 |  1.0
Stealth        | |  0.1

Action                   |  1- 3 |  4- 6 || total
-------------------------+-------+-------++-------
Melee: Long sword        |    97 |   120 ||   217
Throw: Stone             |       |     2 ||     2
  Eat: Chunk             |     1 |     4 ||     5
Armor: Scale mail        |    38 |    13 ||    51
       Ring mail         |       |    24 ||    24
Dodge: Dodged            |    35 |    34 ||    69
Block: Shield            |    56 |    54 ||   110
       Rpst.: Long sword |    14 |    14 ||    28
